Cogmind - Beta 16.1 @@@ ROGUE MODE // 2026.03.12 @ 11:40:37 Player: oj;irsth;'shr Result: Destroyed by C-35 Carver with Carbide Saw Performance ------------- Evolutions (5) 2500 Regions Visited (16) 3200 Robots Destroyed (218) 1090 Value Destroyed (9230) 9230 Prototype IDs (35) 700 Alien Tech Used (0) 0 Bonus (6082) 6082 TOTAL SCORE: 22802 Bonus ------- High Alert Combat Kills 825 Follower Combat Kills 629 Entered Garrisons 1000 Used RIF Installer 3500 Aligned with FarCom 300 Friendly Fire -172 Cogmind --------- Core Integrity 0/1000 Matter 30/300 Energy 99/100 System Corruption 5% Temperature Cool (0) Movement Core (50) Location -5/Garrison Parts ------- > --- POWER (1) -------- (None) > --- PROPULSION (4) --- (None) > --- UTILITY (9) ------ (None) > --- WEAPON (3) ------- (None) > --- INVENTORY (5) ---- Improved Kinecellerator Force Field Improved Component Analysis Suite Heavy Mass Driver Peak State ------------ > --- POWER ------------ F-cell Engine > --- PROPULSION ------- Improved Heavy Treads Armored Wheel > --- UTILITY ---------- Advanced Cooling System Lightpack 2.0 Core Analyzer Precision Energy Filter Transmission Jammer Hacking Suite Relay Coupler [NC] > --- WEAPON ----------- Heavy Mass Driver Remote Datajack > --- INVENTORY -------- F-cell Engine F-cell Engine F-cell Engine Energy Filter Hardened Medium Armor Plating Hardened Medium Armor Plating Improved Medium Armor Plating Improved Medium Armor Plating Focal Shield Improved Shield Generator Improved Shield Generator Force Field Hacking Suite Authchip [R/NC] Authchip [R/NC] Authchip [R/Combat] Authchip [R/Combat] Authchip [R/Combat] Relay Coupler [NC] Relay Coupler [NC] Relay Coupler [Swarmer] Relay Coupler [Swarmer] Relay Coupler [Grunt] Relay Coupler [Grunt] Relay Coupler [Duelist] Relay Coupler [Sentry] Relay Coupler [Sentry] Relay Coupler [Sentry] Relay Coupler [Hunter] Relay Coupler [Hunter] Force Rifle Enhanced Autogun Gauss Rifle Flak Cannon Heavy Mass Driver Heavy Mass Driver [Rating: 108] Favorites ----------- Power Ion Engine Engine Ion Engine Power Core Nuclear Core Reactor Antimatter Reactor Propulsion Light Treads Treads Light Treads Leg Aluminum Leg Wheel Armored Wheel Hover Unit Aerolev Unit Flight Unit Cooled Nuclear Pulse Thruster Utility Lightpack 2.0 Device Transmission Jammer Storage Lightpack 2.0 Processor Salvage Targeting Computer Hackware Relay Coupler [NC] Protection Hardened Medium Armor Plating Weapon Enhanced Autogun Energy Gun Shock Rifle Energy Cannon Phase Cannon Ballistic Gun Enhanced Autogun Ballistic Cannon Flak Cannon Launcher Advanced EMP Blaster Special Weapon Remote Datajack Slashing Weapon Ripper Build | -11 -10 -10 -10 -9 -8 -8 -8 -8 -7 -7 -7 -7 -6 -6 -5 -5 ------- Run | Yrd Mat Min Exi Min Mat Gar Mat Gar Fac Was Fac Gar Fac Gar Fac Gar Slots Evolved 10 | . . . . . 4 . . . 2 . . . 2 . 2 . Power . | . . . . . . . . . . . . . . . . . Propulsion 2 | . . . . . . . . . 1 . . . 1 . . . Utility 7 | . . . . . 4 . . . . . . . 1 . 2 . Weapon 1 | . . . . . . . . . 1 . . . . . . . Parts Attached 141 | 9 8 3 1 8 16 16 15 11 10 4 3 5 10 9 13 . Power 15 | 1 . 1 1 2 2 2 1 1 1 1 . 1 1 . . . Engine 12 | 1 . 1 1 2 1 2 1 . 1 . . 1 1 . . . Core 2 | . . . . . 1 . . 1 . . . . . . . . Reactor 1 | . . . . . . . . . . 1 . . . . . . Propulsion 29 | 4 1 . . 1 1 5 6 . 2 . 2 1 1 2 3 . Treads 20 | 2 . . . 1 1 5 5 . 2 . 2 1 . 1 . . Leg 3 | 2 1 . . . . . . . . . . . . . . . Wheel 3 | . . . . . . . . . . . . . 1 1 1 . Hover 1 | . . . . . . . 1 . . . . . . . . . Flight 2 | . . . . . . . . . . . . . . . 2 . Utility 58 | 2 4 . . 3 5 5 6 6 5 2 1 3 5 4 7 . Device 16 | 1 1 . . 3 1 . 1 . 2 1 1 1 1 . 3 . Storage 5 | 1 2 . . . 1 1 . . . . . . . . . . Processor 4 | . . . . . 1 . 1 . 1 . . . . . 1 . Hackware 13 | . . . . . . . 1 3 1 1 . . 3 2 2 . Protection 20 | . 1 . . . 2 4 3 3 1 . . 2 1 2 1 . Artifact . | . . . . . . . . . . . . . . . . . Weapon 39 | 2 3 2 . 2 8 4 2 4 2 1 . . 3 3 3 . Energy Gun 2 | . . . . . . . . 2 . . . . . . . . Energy Cannon 2 | . . . . . 1 . . . . . . . 1 . . . Ballistic Gun 11 | 2 1 1 . . 2 1 . 1 1 . . . 1 1 . . Ballistic Cannon 7 | . . . . 1 3 . . . . 1 . . . 1 1 . Launcher 9 | . 2 1 . . 1 . 2 1 . . . . . 1 1 . Special Weapon 4 | . . . . 1 . 1 . . 1 . . . 1 . . . Impact Weapon . | . . . . . . . . . . . . . . . . . Slashing Weapon 4 | . . . . . 1 2 . . . . . . . . 1 . Piercing Weapon . | . . . . . . . . . . . . . . . . . Special Melee Weapon . | . . . . . . . . . . . . . . . . . Unidentified Prototypes 9 | . . . . . 3 . 1 . 1 . . 1 . . 3 . Parts Lost 45 | . . 5 . 2 1 8 2 6 5 . . 1 1 5 7 2 Power 5 | . . 1 . . . 2 . 1 . . . 1 . . . . Propulsion 17 | . . 2 . . 1 3 . 1 3 . . . . 3 2 2 Utility 17 | . . 1 . 1 . 3 2 3 2 . . . . 2 3 . Weapon 6 | . . 1 . 1 . . . 1 . . . . 1 . 2 . Highest Loss Streak 5 | . . 4 . 1 1 4 1 4 3 . . 1 1 4 5 2 To Critical Strikes . | . . . . . . . . . . . . . . . . . Average Backups 29 | 5 17 19 18 17 23 35 35 33 37 37 39 38 35 36 35 4 Power 1 | . 1 1 1 1 2 2 1 . 2 2 1 1 1 3 2 . Propulsion 3 | 3 4 3 2 2 3 5 5 7 3 2 3 3 4 1 . . Utility 15 | . 6 8 9 8 6 15 16 15 22 22 26 25 21 24 27 3 Weapon 7 | . 5 5 6 5 12 12 11 9 6 7 7 7 7 7 5 1 Tool/Special . | . . . . . . . . . . . . . . . . . Unused Backups 116 | . 6 . 1 8 13 12 10 4 8 4 3 3 7 7 26 4 Power 10 | . . . . 1 1 1 . 1 . 2 . . 1 . 3 . Propulsion 14 | . 2 . . 3 1 . . 3 . . . 1 2 1 1 . Utility 67 | . 3 . 1 3 3 7 8 . 6 1 2 2 4 4 20 3 Weapon 22 | . 1 . . 1 8 4 1 . 2 1 . . . 2 1 1 Tool/Special 3 | . . . . . . . 1 . . . 1 . . . 1 . Average Slot Usage (%) 84 | . 97 99 100 99 84 77 80 70 83 84 84 82 73 70 70 6 Engine 7 | . 14 13 14 14 8 6 8 4 . . . 1 5 6 4 . Core 1 | . . . . . . 1 . 4 6 5 . . . . . . Treads 14 | . . 10 28 28 17 17 17 17 22 23 23 21 13 7 4 . Leg 5 | . 28 17 . . . . . . . . . . . . . . Wheel 1 | . . . . . . . . . . . . . 1 5 7 . Device 8 | . 8 5 14 13 13 4 7 4 5 9 15 15 8 5 6 . Storage 9 | . 14 14 14 14 9 12 9 9 7 7 7 7 6 6 4 . Processor 1 | . . . . . 6 6 1 . 1 . . . . . 4 . Hackware 3 | . . . . . . . 3 4 5 4 . . 9 13 15 . Protection 6 | . 3 8 . . 11 10 13 8 9 7 7 7 6 6 5 . Ballistic Gun 14 | . 27 27 28 20 4 3 6 8 19 15 15 16 13 2 . . Ballistic Cannon 2 | . . . . 6 8 1 8 . . . . . . 3 4 . Special Weapon 2 | . . . . . . . 2 3 2 6 7 5 4 6 4 . Peak Build Rating 108 | 7 9 9 12 14 57 59 63 69 74 82 84 91 95 98 108 14 Average Rating 52 | 5 8 8 10 12 44 56 57 58 70 75 83 83 92 95 102 7 On Entrance 48 | . 7 9 9 12 14 56 59 56 67 74 82 83 91 95 96 14 Avg Prop Armor Cover (%) 8 | 23 6 . . . . 27 6 . . . . 11 14 6 9 . Naked Turns 23 | . . . . . . . . . . . . . . . 4 19 Heaviest Build 69 | 14 68 52 50 51 69 31 33 39 39 41 42 43 43 49 55 . Greatest Support 103 | 20 20 40 40 40 40 44 40 40 62 62 70 70 103 103 75 15 Greatest Overweight (x) 5 | 4 5 2 1 1 3 3 1 1 . . . 1 4 3 4 . Average Overweight (x) . | . 2 1 1 1 . . . . . . . . . . 2 . Largest Inventory Capacity 40 | 8 20 20 20 20 40 40 40 40 40 40 40 40 40 40 40 5 Average Capacity 32 | 7 19 20 20 20 34 40 40 40 40 40 40 40 40 40 39 5 Most Carried 40 | 7 20 20 20 20 35 40 40 40 40 40 40 40 40 40 40 5 Average Carried 30 | 5 17 19 19 19 24 36 36 34 37 37 39 39 37 39 37 5 Final Capacity 40 | 8 20 20 20 20 40 40 40 40 40 40 40 40 40 40 5 5 Final Carried 40 | 7 20 19 20 20 33 39 35 38 35 40 39 39 38 40 5 5 Class Distribution -------------------- 34% | Mutant 15% | Bothacker-Tank 15% | Bothacker-Mutant 12% | Hauler-Mutant 11% | Botlord-Tank 9% | Bothacker-Skirmisher Dominant Class ---------------- Mutant | -10/Materials Mutant | -10/Mines Mutant | -10/Exiles Mutant | -9/Mines Hauler-Mutant | -8/Materials Hauler-Mutant | -8/Garrison Bothacker-Mutant | -8/Materials Bothacker-Mutant | -8/Garrison Bothacker-Skirmisher | -7/Factory Bothacker-Skirmisher | -7/Waste Bothacker-Tank | -7/Factory Bothacker-Tank | -7/Garrison Bothacker-Tank | -6/Factory Botlord-Tank | -6/Garrison Botlord-Tank | -5/Factory Mutant | -5/Garrison Resources | -11 -10 -10 -10 -9 -8 -8 -8 -8 -7 -7 -7 -7 -6 -6 -5 -5 ----------- Run | Yrd Mat Min Exi Min Mat Gar Mat Gar Fac Was Fac Gar Fac Gar Fac Gar Matter Collected 8303 | 367 652 227 . 672 595 764 1201 481 872 273 79 793 222 633 472 . Remotely 102 | . . . . . . . . . . . . . . . 102 . Salvage Created 8896 | 229 898 215 . 420 702 1043 1289 392 919 . 124 1001 223 865 576 . Parts 476 | 21 57 18 . 21 33 49 89 33 41 . 9 30 15 39 21 . Haulers Intercepted 10 | . 2 . . . 2 . 4 . . . 1 . . . 1 . Recyclers Shooed 12 | 1 1 1 . . 2 . 2 . 1 . 1 . 1 . 2 . Parts Field Recycled . | . . . . . . . . . . . . . . . . . Retrieved Matter . | . . . . . . . . . . . . . . . . . Parts Self-Destructed . | . . . . . . . . . . . . . . . . . Prevented . | . . . . . . . . . . . . . . . . . Parts Restored . | . . . . . . . . . . . . . . . . . Kills | -11 -10 -10 -10 -9 -8 -8 -8 -8 -7 -7 -7 -7 -6 -6 -5 -5 ------- Run | Yrd Mat Min Exi Min Mat Gar Mat Gar Fac Was Fac Gar Fac Gar Fac Gar Combat Hostiles Destroyed 163 | . 17 10 . 10 12 21 34 11 16 . . 4 3 17 8 . Melee 1 | . . . . . . . . . . . . . . . 1 . Guns 63 | . 14 4 . 6 2 3 6 6 14 . . 4 3 1 . . Cannons 46 | . . . . 4 8 2 16 2 . . . . . 7 7 . AOE 49 | . 3 6 . . 2 15 12 3 2 . . . . 6 . . Classes Destroyed 20 | 3 6 . . 3 . 3 4 . . . . . . . 1 . Worker 9 | 2 2 . . . 1 . 3 . 1 . . . . . . . Builder 7 | . 2 . . . 1 . 3 . . . 1 . . . . . Tunneler 8 | 5 . . . . . . 1 . 1 . 1 . . . . . Hauler 10 | . 2 . . . 2 . 4 . . . 1 . . . 1 . Recycler 12 | 1 2 . . 1 3 . 1 . 2 . . . . . 2 . Mechanic 2 | . . . . . . . 1 . . . . . 1 . . . Operator 3 | . 2 . . . 1 . . . . . . . . . . . Watcher 3 | . 1 . . . 2 . . . . . . . . . . . Swarmer 23 | . 3 6 . . . 3 5 3 . . . . . 3 . . Cutter 2 | . . . . . . 1 . . . . . . . . 1 . Grunt 90 | . 14 4 . 5 10 10 19 2 9 . . 4 1 11 1 . Brawler 3 | . . . . 1 . . 1 . 1 . . . . . . . Duelist 2 | . . . . . . . 1 . 1 . . . . . . . Protector 1 | . . . . . . . 1 . . . . . . . . . Sentry 19 | . . . . 2 2 4 5 2 2 . . . 1 . 1 . Specialist 4 | . . . . . . . . . . . . . . . 4 . Hunter 2 | . . . . . . . 2 . . . . . . . . . Programmer 16 | . . . . . . 2 . 5 3 . . . 1 3 2 . Behemoth 1 | . . . . . . 1 . . . . . . . . . . Assembled 2 | . . . . 2 . . . . . . . . . . . . Thug 1 | . . . . . . . . . . . 1 . . . . . Best Kill Streak 17 | 4 4 3 . 2 5 3 17 4 5 . 2 2 2 8 4 . Combat Bots Only 11 | . 3 3 . 2 3 3 11 4 5 . . 2 1 8 3 . Max Kills in Single Turn 3 | 1 3 2 . 1 2 2 3 2 2 . 1 1 2 2 1 . Gunslinging . | . . . . . . . . . . . . . . . . . Exploded 3 | . 2 2 . . 1 2 3 2 2 . . . . 2 . . Melee 1 | . . . . . . . . . . . . . . . 1 . Uniques/NPCs Destroyed . | . . . . . . . . . . . . . . . . . Combat | -11 -10 -10 -10 -9 -8 -8 -8 -8 -7 -7 -7 -7 -6 -6 -5 -5 -------- Run | Yrd Mat Min Exi Min Mat Gar Mat Gar Fac Was Fac Gar Fac Gar Fac Gar Hostile Shots Fired 995 | . 64 36 . 35 68 91 129 72 111 . . 25 70 95 166 33 Missed 317 | . 15 10 . 7 22 27 46 21 33 . . 6 31 28 50 21 Hits 678 | . 49 26 . 28 46 64 83 51 78 . . 19 39 67 116 12 Melee 32 | . . . . 2 . 6 3 . 5 . . . . . 12 4 Projectile 646 | . 49 26 . 26 46 58 80 51 73 . . 19 39 67 104 8 AOE 6 | . . . . . . 1 . . . . . . . . 2 3 Critical Strikes 27 | . 1 1 . 1 4 3 6 4 1 . . 1 . 1 2 2 Actively Blocked 1 | . . . . . . . 1 . . . . . . . . . Part Disruptions 2 | . . . . . . . . 1 . . 1 . . . . . Damage Taken 10608 | . 555 324 . 363 525 1342 892 714 953 187 20 236 411 1300 2459 327 Core 1834 | . 37 51 . 32 85 150 161 85 76 17 . 24 45 51 730 290 Absorbed by Shields 1041 | . . . . . 184 147 316 30 . . 10 88 83 59 124 . Reduced by Siege Mode 62 | . . . . . . . . . . . . . . 58 4 . Redirected to Shielding 266 | . . . . . . 66 50 50 100 . . . . . . . Ignored by Resistances 112 | . . . . . . . 112 . . . . . . . . . Regen/Repaired (Parts) 492 | . 139 . . . 25 . . . . 299 . . . . 29 . Core Remaining (%) 67 | 100 . . . 52 . . . 12 . . . 83 . 88 . . Volleys Fired 709 | 20 72 23 . 39 66 80 82 42 56 19 2 66 30 64 48 . Largest 3 | 2 2 2 . 2 2 2 2 2 3 2 2 3 3 2 1 . Hottest 124 | 40 40 40 . 100 112 74 62 100 75 50 50 75 85 124 65 . Shots Fired 1208 | 40 139 40 . 72 101 100 140 72 160 29 7 138 54 68 48 . Gun 809 | 40 136 35 . 54 23 45 57 54 157 19 7 138 38 6 . . Cannon 266 | . . . . 13 75 24 60 8 . . . . 4 41 41 . Launcher 76 | . 3 5 . . 3 31 15 2 1 . . . . 16 . . Special 57 | . . . . 5 . . 8 8 2 10 . . 12 5 7 . Kinetic 1022 | 40 136 35 . 67 81 69 117 53 157 19 7 138 38 24 41 . Thermal 49 | . . . . 5 17 . . . . . . . 4 23 . . Explosive 32 | . 3 5 . . 3 6 12 2 1 . . . . . . . Electromagnetic 53 | . . . . . . 25 3 9 . . . . . 16 . . Robot Hit Streak 27 | 9 13 10 . 9 12 10 18 8 17 7 10 27 6 11 7 . Robot Miss Streak 9 | 2 5 2 . 2 6 4 9 5 3 2 3 4 2 2 3 . Penetration Max . | . . . . . . . . . . . . . . . . . Secondary Targets 2 | . . 1 . . . . . . . . . 1 . . . . Max Gunslinging Chain 1 | . . 1 . . . . . . . . . 1 . . . . Shots Hit Robots 799 | 25 89 26 . 46 74 55 109 47 112 22 4 100 33 27 30 . Core Hits 496 | 11 50 16 . 19 62 57 115 22 41 1 7 43 10 30 12 . Critical Kills 3 | . . . . . . 1 1 . . . . 1 . . . . Critical Parts Destroyed 7 | . 2 1 . . 1 . 2 . 1 . . . . . . . Critical Strikes 17 | . 2 1 . . 1 3 3 1 1 . . 1 . . 4 . Destroy 10 | . 2 1 . . 1 1 3 . 1 . . 1 . . . . Blast 4 | . . . . . . . . . . . . . . . 4 . Sever 3 | . . . . . . 2 . 1 . . . . . . . . Melee Attacks 40 | . . . . . 1 17 7 11 . . . 3 . . 1 . Thermal 3 | . . . . . . . . . . . . 3 . . . . Impact . | . . . . . . . . . . . . . . . . . Slashing 37 | . . . . . 1 17 7 11 . . . . . . 1 . Piercing . | . . . . . . . . . . . . . . . . . Sneak Attacks 3 | . . . . . . . 1 2 . . . . . . . . Combat Hostiles . | . . . . . . . . . . . . . . . . . Follow-up Attacks . | . . . . . . . . . . . . . . . . . Damage Inflicted 21375 | 286 1400 627 . 689 1827 2485 3923 1122 2429 247 159 1727 455 1946 2053 . Guns 8728 | 277 1140 322 . 454 273 269 734 615 2053 247 74 1727 455 88 . . Cannons 6219 | . . . . 215 1299 611 1297 157 . . . . . 732 1908 . Explosions 5814 | . 235 305 . . 240 1395 1730 228 354 . 85 . . 1126 116 . Melee 519 | . . . . . . 210 158 122 . . . . . . 29 . Ramming 95 | 9 25 . . 20 15 . 4 . 22 . . . . . . . Kinetic 14510 | 277 1140 322 . 669 1368 880 2031 726 2053 247 74 1727 455 633 1908 . Thermal 785 | . . . . . 204 104 46 . . . . . . 315 116 . Explosive 3336 | . 235 305 . . 240 430 1544 228 354 . . . . . . . Electromagnetic 2130 | . . . . . . 861 140 46 . . 85 . . 998 . . Impact . | . . . . . . . . . . . . . . . . . Slashing 519 | . . . . . . 210 158 122 . . . . . . 29 . Piercing . | . . . . . . . . . . . . . . . . . Highest Corruption 9 | . . . . 2 . 1 1 5 9 9 9 9 . 3 5 5 Average Corruption 4 | . . . . 2 . 1 1 1 4 9 9 9 . 2 3 5 Corruption Purged . | . . . . . . . . . . . . . . . . . Corruption Blocked . | . . . . . . . . . . . . . . . . . Effects 199 | . . . . 15 . 1 19 5 24 38 14 45 . 16 22 . Message Errors 44 | . . . . 4 . 1 6 . 2 10 2 8 . 4 7 . Matter Fused 38 | . . . . 3 . . 3 2 8 6 2 7 . 4 3 . Heat Flow Errors 26 | . . . . 3 . . 2 1 5 5 1 5 . 3 1 . Energy Discharges 23 | . . . . 1 . . 4 . 2 5 3 7 . 1 . . Parts Rejected 6 | . . . . . . . 1 . . 4 1 . . . . . Parts Fused 6 | . . . . 1 . . . . . 3 . . . . 2 . Data Loss (minor) 16 | . . . . . . . 2 1 2 1 . 4 . . 6 . Data Loss (major) 9 | . . . . . . . . . 1 . . 4 . 2 2 . Misfires 14 | . . . . 1 . . 1 . 1 2 3 6 . . . . Alerts 6 | . . . . . . . . . . 1 2 1 . 1 1 . Weapon Failures 11 | . . . . 2 . . . 1 3 1 . 3 . 1 . . Overload Shots . | . . . . . . . . . . . . . . . . . Overflow Damage 606 | . 6 27 . . 26 61 223 39 5 . . . . 87 132 . Projectiles 162 | . . . . . 26 . . 6 . . . . . 68 62 . Explosions 374 | . 6 27 . . . 61 175 11 5 . . . . 19 70 . Melee 70 | . . . . . . . 48 22 . . . . . . . . Knockbacks 63 | . . . . 5 16 . 28 4 . . . . . 2 8 . Impact 1 | . . . . 1 . . . . . . . . . . . . Kinetic 58 | . . . . 4 16 . 24 4 . . . . . 2 8 . Secondary 4 | . . . . . . . 4 . . . . . . . . . Self-Inflicted Damage 630 | . . 17 . . . 130 56 . . . 33 . . 92 302 . Shots 17 | . . 1 . . . 4 2 . . . 1 . . 6 3 . Rammed 13 | . . . . 4 3 . 1 . 5 . . . . . . . Targets Rammed 22 | 1 6 . . 4 3 . 2 . 6 . . . . . . . Kicked 7 | 1 6 . . . . . . . . . . . . . . . Crushed 2 | . . . . . . . 1 . 1 . . . . . . . Highest Temperature 330 | . 12 25 . 253 195 76 259 234 319 191 256 330 102 244 202 9 Average Temperature 59 | . 3 11 . 116 70 16 62 44 103 88 85 98 35 50 30 9 Received Heat Transfer 2862 | . 288 171 . 117 264 198 483 120 258 . . 108 45 531 212 67 Effects 1 | . . . . . . . . . . . . 1 . . . . Energy Bleed 1 | . . . . . . . . . . . . 1 . . . . Siege Activations 6 | . . . . . . . . . . . . . . 5 1 . Total Turns 134 | . . . . . . . . . . . . . . 129 5 . Longest Duration 86 | . . . . . . . . . . . . . . 86 5 . Martial Activations . | . . . . . . . . . . . . . . . . . Shielding Activations . | . . . . . . . . . . . . . . . . . Robots Disrupted 1 | . . . . . . . . . . . . . . 1 . . Combat Hostiles 1 | . . . . . . . . . . . . . . 1 . . Robots Corrupted 4 | . . . . . . 1 . . . . . . . 3 . . Combat Hostiles 4 | . . . . . . 1 . . . . . . . 3 . . Parts Fried 9 | . . . . . . 3 . . . . . . . 6 . . Impact Corruptions . | . . . . . . . . . . . . . . . . . Robots Melted . | . . . . . . . . . . . . . . . . . Combat Hostiles . | . . . . . . . . . . . . . . . . . Parts Melted . | . . . . . . . . . . . . . . . . . Heat Transferred 882 | . . . . . 296 100 100 . . . . . . 286 100 . Parts Sabotaged 8 | . . . . . . 8 . . . . . . . . . . Parts Stolen . | . . . . . . . . . . . . . . . . . Parts Stripped . | . . . . . . . . . . . . . . . . . Power Chain Reactions 7 | . . . . . . 3 1 . . . 1 . . 2 . . Alert | -11 -10 -10 -10 -9 -8 -8 -8 -8 -7 -7 -7 -7 -6 -6 -5 -5 ------- Run | Yrd Mat Min Exi Min Mat Gar Mat Gar Fac Was Fac Gar Fac Gar Fac Gar Maximum Alert Level 4 | . . . . . . 4 3 2 1 . . 2 1 2 1 . Low Security (%) 61 | 100 100 100 . 100 100 23 . . 74 100 100 7 71 22 79 100 Level 1 13 | . . . . . . 12 7 89 25 . . 4 28 16 20 . Level 2 19 | . . . . . . 24 64 10 . . . 88 . 60 . . Level 3 4 | . . . . . . 26 27 . . . . . . . . . Level 4 1 | . . . . . . 13 . . . . . . . . . . Level 5 . | . . . . . . . . . . . . . . . . . High Security . | . . . . . . . . . . . . . . . . . Max Security . | . . . . . . . . . . . . . . . . . Peak Influence 1156 | 10 107 124 . 40 129 1156 800 465 299 70 76 667 350 679 356 93 Initial 563 | . . 31 . . . 52 563 225 243 70 . 53 350 11 356 93 Average 223 | 1 44 21 . 7 38 588 583 331 157 7 7 470 133 398 125 81 Influence Increases 6890 | 40 620 276 . 175 379 1184 1034 340 603 42 127 664 163 798 445 . Destroy 0b10 Robot/C 3520 | . 340 200 . 160 240 420 660 240 340 . . 360 60 340 160 . Destroy 0b10 Robot/NC 320 | 40 55 . . 5 50 10 70 . 20 . 20 30 5 . 15 . Destroy Leader 588 | . 86 40 . 10 58 20 168 20 100 . 4 20 20 10 32 . Allied During Kill 84 | . . . . . . . . 7 6 . 2 46 3 20 . . Successful Hack 192 | . 64 . . . 3 14 27 . 34 . . . 25 24 1 . Select Force Hacks 30 | . 30 . . . . . . . . . . . . . . . Disable Machine 315 | . . . . . 15 30 30 . 45 . 90 . . 15 90 . Anti-Garrison Action 850 | . . . . . . 400 . . . . . 150 . 300 . . Destroy Structure 586 | . 15 36 . . 13 80 49 58 28 42 11 58 5 89 102 . Lose Combat Pursuer 405 | . 30 . . . . 210 30 15 30 . . . 45 . 45 . Influence Decreases 6817 | 40 538 358 . 175 298 109 1843 222 867 243 51 73 814 135 990 61 Entered New Map 1857 | . . 51 . . . 29 593 122 222 131 . 23 317 5 323 41 Time Decay 3617 | 40 538 257 . 155 291 . 620 . 565 102 51 . 452 . 546 . Lost Part 442 | . . 50 . 20 7 80 20 60 50 . . 10 5 50 70 20 Lost Ally 301 | . . . . . . . 10 40 30 10 . 40 40 80 51 . Purge Threat 600 | . . . . . . . 600 . . . . . . . . . Squads Dispatched 34 | . 5 . . . 4 . 6 . 6 . 1 . 5 . 7 . Investigation 7 | . 3 . . . 1 . 1 . 1 . . . . . 1 . Extermination 7 | . . . . . . . . . 3 . 1 . 1 . 2 . Reinforcement 14 | . 2 . . . 3 . 3 . 1 . . . 1 . 4 . Assault 2 | . . . . . . . 2 . . . . . . . . . Garrison 4 | . . . . . . . . . 1 . . . 3 . . . Intercept . | . . . . . . . . . . . . . . . . . Searches Triggered . | . . . . . . . . . . . . . . . . . Construction Impeded 1 | . . . . . . . 1 . . . . . . . . . Haulers Reinforced 2 | . . . . . . . . . . . . . 1 . 1 . Active Scanning Responses . | . . . . . . . . . . . . . . . . . Cargo Convoy Interrupts . | . . . . . . . . . . . . . . . . . Alert ID Control Effect 4 | . . . . . . . . 1 . . . . 2 1 . . Stealth | -11 -10 -10 -10 -9 -8 -8 -8 -8 -7 -7 -7 -7 -6 -6 -5 -5 --------- Run | Yrd Mat Min Exi Min Mat Gar Mat Gar Fac Was Fac Gar Fac Gar Fac Gar Distress Signals 9 | . 3 . . . 1 . 4 . . . . . 1 . . . Communications Jammed 22 | . . . . . . . . . 7 . . . 3 . 12 . Distress Signals 22 | . . . . . . . . . 7 . . . 3 . 12 . Times Spotted 288 | . 34 9 . 10 17 28 55 17 25 6 2 14 14 22 25 10 Peak Tracking Total 10 | . 5 3 . 3 3 4 7 3 5 3 1 3 4 9 8 10 Tactical Retreats 24 | . 2 . . 1 . 10 2 1 2 1 . . 2 . 3 . Traps | -11 -10 -10 -10 -9 -8 -8 -8 -8 -7 -7 -7 -7 -6 -6 -5 -5 ------- Run | Yrd Mat Min Exi Min Mat Gar Mat Gar Fac Was Fac Gar Fac Gar Fac Gar Traps Triggered 28 | . 1 . . . 1 3 . . 3 . . 2 1 14 3 . Indirectly 11 | . . . . . . 1 . . . . . . . 10 . . Trap Hack Attempts . | . . . . . . . . . . . . . . . . . Triggered . | . . . . . . . . . . . . . . . . . Disarmed . | . . . . . . . . . . . . . . . . . Reprogrammed . | . . . . . . . . . . . . . . . . . Reused . | . . . . . . . . . . . . . . . . . Traps Extracted . | . . . . . . . . . . . . . . . . . Installed . | . . . . . . . . . . . . . . . . . Triggered . | . . . . . . . . . . . . . . . . . Machines | -11 -10 -10 -10 -9 -8 -8 -8 -8 -7 -7 -7 -7 -6 -6 -5 -5 ---------- Run | Yrd Mat Min Exi Min Mat Gar Mat Gar Fac Was Fac Gar Fac Gar Fac Gar Machines Disabled 31 | . . . . . 1 8 2 . 3 . 6 1 . 4 6 . Max in Single Turn 3 | . . . . . 1 1 1 . 3 . 2 1 . 1 3 . Garrison Access 2 | . . . . . . . . . 1 . . . 1 . . . Garrison Relay 9 | . . . . . . 5 . . . . . 1 . 3 . . Machines Repaired . | . . . . . . . . . . . . . . . . . Machines Dismantled . | . . . . . . . . . . . . . . . . . Machines Sabotaged . | . . . . . . . . . . . . . . . . . Overloaded Fab Kills . | . . . . . . . . . . . . . . . . . Hacking | -11 -10 -10 -10 -9 -8 -8 -8 -8 -7 -7 -7 -7 -6 -6 -5 -5 --------- Run | Yrd Mat Min Exi Min Mat Gar Mat Gar Fac Was Fac Gar Fac Gar Fac Gar Machines Accessed 58 | . 7 . 2 . 6 3 8 1 12 . 4 1 6 3 5 . Terminals 32 | . 5 . . . 2 3 7 1 8 . . 1 2 3 . . Fabricators 3 | . . . . . . . . . 1 . . . . . 2 . Repair Stations 3 | . 1 . . . 1 . . . . . . . . . 1 . Recycling Units 7 | . 1 . . . 1 . . . 1 . 1 . 2 . 1 . Scanalyzers 4 | . . . . . 1 . . . 1 . 2 . . . . . Garrison Access 7 | . . . . . 1 . 1 . 1 . 1 . 2 . 1 . Total Hacks 154 | . 34 . 2 . 11 6 29 2 32 . 9 1 13 8 7 . Successful 88 | . 24 . 2 . 8 1 12 . 16 . 6 . 9 3 7 . Failed 66 | . 10 . . . 3 5 17 2 16 . 3 1 4 5 . . Catastrophic 13 | . 1 . . . 1 1 2 . 5 . . 1 1 1 . . Database Lockouts . | . . . . . . . . . . . . . . . . . Manual 83 | . 32 . 1 . 2 . 22 . 19 . 1 . 4 2 . . Terminals 102 | . 27 . . . 3 6 28 2 22 . . 1 5 8 . . Fabricators 5 | . . . . . . . . . 2 . . . . . 3 . Repair Stations 8 | . 4 . . . 2 . . . . . . . . . 2 . Recycling Units 18 | . 3 . . . 2 . . . 5 . 2 . 5 . 1 . Scanalyzers 9 | . . . . . 1 . . . 2 . 6 . . . . . Garrison Access 10 | . . . . . 3 . 1 . 1 . 1 . 3 . 1 . Terminal Hacks 26 | . 8 . 2 . 1 1 4 . 5 . . . 3 2 . . Record 3 | . 1 . 1 . . . . . 1 . . . . . . . Robot Schematic 1 | . . . . . . . . . 1 . . . . . . . Robot Analysis 4 | . 4 . . . . . . . . . . . . . . . Emergency Access Points 1 | . . . . . . . . . . . . . . 1 . . Terminal Index 4 | . 1 . . . . . 1 . 1 . . . 1 . . . Unreport Threat 3 | . . . . . . . 3 . . . . . . . . . Locate Traps 1 | . . . . . . . . . . . . . 1 . . . Hauler Manifests 2 | . . . . . . . . . 1 . . . 1 . . . Registered Components 2 | . 1 . . . . . . . 1 . . . . . . . Zone Layout 2 | . 1 . . . 1 . . . . . . . . . . . Garrison Registry 1 | . . . . . . 1 . . . . . . . . . . Patrol Navigation 1 | . . . . . . . . . . . . . . 1 . . Proto ID Catalog 1 | . . . 1 . . . . . . . . . . . . . Fabricator Hacks 4 | . . . . . . . . . 1 . . . . . 3 . Network Status 2 | . . . . . . . . . 1 . . . . . 1 . Load Schematic 1 | . . . . . . . . . . . . . . . 1 . Build 1 | . . . . . . . . . . . . . . . 1 . Repair Station Hacks 6 | . 2 . . . 2 . . . . . . . . . 2 . Scan Component 3 | . 1 . . . 1 . . . . . . . . . 1 . Repair 3 | . 1 . . . 1 . . . . . . . . . 1 . Recycling Unit Hacks 10 | . 2 . . . 2 . . . 2 . 1 . 2 . 1 . Report Inventory 7 | . 1 . . . 1 . . . 1 . 1 . 2 . 1 . Retrieve Components 3 | . 1 . . . 1 . . . 1 . . . . . . . Scanalyzer 5 | . . . . . 1 . . . 1 . 3 . . . . . Insert Component 1 | . . . . . . . . . . . 1 . . . . . Analyze 2 | . . . . . . . . . . . 2 . . . . . Retrieve Study 2 | . . . . . 1 . . . 1 . . . . . . . Garrison Access Hacks 8 | . . . . . 1 . 1 . 1 . 1 . 3 . 1 . Unlock Access 5 | . . . . . 1 . 1 . . . 1 . 1 . 1 . Seal Access 2 | . . . . . . . . . 1 . . . 1 . . . Coupler Status 1 | . . . . . . . . . . . . . 1 . . . Unauthorized Hacks 29 | . 12 . . . 1 . 7 . 6 . 1 . 1 1 . . Terminals 24 | . 10 . . . 1 . 7 . 4 . . . 1 1 . . Assimilate 1 | . . . . . . . . . 1 . . . . . . . Botnet 13 | . 4 . . . 1 . 3 . 3 . . . 1 1 . . Operators 2 | . 1 . . . . . 1 . . . . . . . . . Skim 8 | . 5 . . . . . 3 . . . . . . . . . Fabricators . | . . . . . . . . . . . . . . . . . Repair Stations 1 | . 1 . . . . . . . . . . . . . . . Patch 1 | . 1 . . . . . . . . . . . . . . . Recycling Units 4 | . 1 . . . . . . . 2 . 1 . . . . . Recyclers 2 | . . . . . . . . . 1 . 1 . . . . . Mask 1 | . . . . . . . . . 1 . . . . . . . Tunnel 1 | . 1 . . . . . . . . . . . . . . . Scanalyzers . | . . . . . . . . . . . . . . . . . Garrison Access . | . . . . . . . . . . . . . . . . . Data Cores Recovered . | . . . . . . . . . . . . . . . . . Used . | . . . . . . . . . . . . . . . . . Hacking Detections 48 | . 7 . . . 3 3 7 1 11 . 4 1 5 3 3 . Full Trace Events 6 | . . . . . 1 1 1 . 1 . . . . 1 1 . Feedback Events . | . . . . . . . . . . . . . . . . . Feedback Blocked . | . . . . . . . . . . . . . . . . . Robot Schematics Acquired 1 | . . . . . . . . . 1 . . . . . . . Robots Built 1 | . . . . . . . . . . . . . . . 1 . Authchips . | . . . . . . . . . . . . . . . . . Time 116 | . . . . . . . . . . . . . . . 116 . Total Robot Build Rating 3 | . . . . . . . . . . . . . . . 3 . Part Schematics Acquired . | . . . . . . . . . . . . . . . . . Parts Built . | . . . . . . . . . . . . . . . . . Authchips . | . . . . . . . . . . . . . . . . . Time . | . . . . . . . . . . . . . . . . . Total Part Build Rating . | . . . . . . . . . . . . . . . . . Part Studies Acquired 2 | . . . . . 1 . . . 1 . . . . . . . Parts Repaired 3 | . 1 . . . 1 . . . . . . . . . 1 . Time 89 | . 13 . . . 32 . . . . . . . . . 44 . Parts Recycled . | . . . . . . . . . . . . . . . . . Recycled Matter . | . . . . . . . . . . . . . . . . . Retrieved Matter . | . . . . . . . . . . . . . . . . . Retrieved Components 13 | . 9 . . . 3 . . . 1 . . . . . . . Parts Scanalyzed 1 | . . . . . . . . . . . 1 . . . . . Part Schematics Acquired . | . . . . . . . . . . . . . . . . . Parts Damaged . | . . . . . . . . . . . . . . . . . Bothacking | -11 -10 -10 -10 -9 -8 -8 -8 -8 -7 -7 -7 -7 -6 -6 -5 -5 ------------ Run | Yrd Mat Min Exi Min Mat Gar Mat Gar Fac Was Fac Gar Fac Gar Fac Gar Used RIF Installer 7 | . . . . . . 2 . 1 . . . 2 . 1 . 1 Command Fork 3 | . . . . . . . . 1 . . . 2 . . . . Watcher Feeds 1 | . . . . . . . . . . . . . . 1 . . Alert ID Control 1 | . . . . . . 1 . . . . . . . . . . Autooverride 1 | . . . . . . . . . . . . . . . . 1 Robots Hacked 26 | . . . . . . . 3 5 1 6 . . 5 3 3 . Non-combat 6 | . . . . . . . 3 . 1 . . . 2 . . . Combat 20 | . . . . . . . . 5 . 6 . . 3 3 3 . Robot Hacks Applied 31 | . . . . . . . 5 5 1 7 . . 7 3 3 . parse_system 3 | . . . . . . . 2 . . . . . 1 . . . find_fabricator 1 | . . . . . . . . . . . . . 1 . . . drop_inventory 1 | . . . . . . . . . . . . . 1 . . . purge_threat 1 | . . . . . . . 1 . . . . . . . . . map_route 1 | . . . . . . . . . 1 . . . . . . . ignore_targets 6 | . . . . . . . . . . 6 . . . . . . link_fov 2 | . . . . . . . . . . 1 . . 1 . . . wipe_record 2 | . . . . . . . . . . . . . 1 1 . . disable_weapons 2 | . . . . . . . . 1 . . . . 1 . . . overwrite_iff 1 | . . . . . . . . . . . . . . . 1 . streamctrl_high 2 | . . . . . . . . 1 . . . . . 1 . . formatsys_low 2 | . . . . . . . 2 . . . . . . . . . formatsys_high 7 | . . . . . . . . 3 . . . . 1 1 2 . Relay Couplers Released 35 | . . . . . . 21 . . . . . 4 . 10 . . Machine Destruction 35 | . . . . . . 21 . . . . . 4 . 10 . . Attached 12 | . . . . . . . 1 3 1 1 . . 2 2 2 . Fabnet Peak Effective % . | . . . . . . . . . . . . . . . . . Robots Rewired 1 | . . . . . . . . . . . . . . 1 . . Allies Hacked . | . . . . . . . . . . . . . . . . . Hacks Repelled . | . . . . . . . . . . . . . . . . . Allies | -11 -10 -10 -10 -9 -8 -8 -8 -8 -7 -7 -7 -7 -6 -6 -5 -5 -------- Run | Yrd Mat Min Exi Min Mat Gar Mat Gar Fac Was Fac Gar Fac Gar Fac Gar Total Allies 38 | . . 1 . . . . 2 4 . 19 . . 2 4 6 . Largest Group 19 | . . 1 . . . . 1 3 2 19 3 2 2 3 2 . Highest-Rated Group 475 | . . 31 . . . . 26 54 31 475 101 70 58 87 58 . Highest-Rated Ally 49 | . . 31 . . . . 26 29 21 35 35 35 29 47 49 . Total Orders 13 | . . . . . . . . 7 4 . . . . . 2 . STAY 7 | . . . . . . . . 4 2 . . . . . 1 . FOLLOW 6 | . . . . . . . . 3 2 . . . . . 1 . Ally Attacks 272 | . . . . . . . . 12 4 195 3 14 23 15 6 . Total Damage 8179 | . . . . . . . . 160 106 5999 101 1244 306 207 56 . Kills 37 | . . . . . . . . 2 1 16 1 14 2 1 . . Allies Corrupted . | . . . . . . . . . . . . . . . . . Allies Melted . | . . . . . . . . . . . . . . . . . Intel | -11 -10 -10 -10 -9 -8 -8 -8 -8 -7 -7 -7 -7 -6 -6 -5 -5 ------- Run | Yrd Mat Min Exi Min Mat Gar Mat Gar Fac Was Fac Gar Fac Gar Fac Gar Active Infowar (turns) 10217 | 95 1667 597 1391 99 400 . . . 1243 . 325 1164 526 1397 1313 . Structural 405 | . . . . 5 400 . . . . . . . . . . . Seismic 3844 | 95 1667 597 1391 94 . . . . . . . . . . . . T.N.C. 400 | . . . . . . . . . 400 . . . . . . . Jamming 5568 | . . . . . . . . . 843 . 325 1164 526 1397 1313 . Robot Analysis Total 4 | . 4 . . . . . . . . . . . . . . . Derelict Logs Recovered 3 | . . 2 . 1 . . . . . . . . . . . . Drone Launches . | . . . . . . . . . . . . . . . . . Drone Recoveries . | . . . . . . . . . . . . . . . . . Exploration | -11 -10 -10 -10 -9 -8 -8 -8 -8 -7 -7 -7 -7 -6 -6 -5 -5 ------------- Run | Yrd Mat Min Exi Min Mat Gar Mat Gar Fac Was Fac Gar Fac Gar Fac Gar Turns Passed 21892 | 233 2893 1622 1391 922 1563 1598 2082 1067 1689 861 355 1217 1177 1627 1560 35 Spaces Moved 10118 | 131 894 613 579 265 650 799 1021 518 868 509 219 604 610 797 944 97 Core 129 | 53 . . . . . 24 . . . . . . . . 13 39 Treads 7575 | . . 247 579 265 650 775 1021 518 868 509 219 604 504 613 203 . Legs 1338 | 78 894 366 . . . . . . . . . . . . . . Wheels 965 | . . . . . . . . . . . . . 106 184 675 . Hover . | . . . . . . . . . . . . . . . . . Flight 111 | . . . . . . . . . . . . . . . 53 58 Fastest Speed 23 | 50 120 240 240 240 160 145 160 160 155 155 155 155 125 125 27 23 Average Speed 179 | 119 281 251 240 240 177 160 163 162 158 155 155 164 161 151 133 35 Slowest Speed 470 | 250 470 260 240 240 400 240 240 240 160 155 155 240 240 160 160 50 Overloaded Moves 76 | . . . . . . . . . . . . . . . 50 26 Propulsion Burnouts 2 | . . . . . . . . . . . . . . . . 2 Robots Hopped 4 | . . . . . . . . . . . . . . . 3 1 Potential Cave-ins 5 | . . . . . . . . . . . . . . . 5 . Cave-ins Triggered . | . . . . . . . . . . . . . . . . . Exploration Rate (%) 50 | 6 91 99 67 33 40 73 56 55 24 95 9 60 12 86 31 29 Regions Visited 16 Branch Regions 3 Pre-discovered Areas 4 | . 3 . 1 . . . . . . . . . . . . . Known Exits Taken 5 | . . . . . 1 . 1 . . . 1 . 1 . 1 . Unknown Exits Taken 5 | 1 1 1 1 1 . . . . . . . . . . . . Scrap Searched 1 | . . 1 . . . . . . . . . . . . . . Spaces Dug 85 | . 8 25 . . 1 22 4 . . . . . 4 5 16 . Terrain Destroyed 293 | . 11 43 . . 20 30 52 22 27 . . 1 4 15 68 . Melee 5 | . . . . . 1 . 4 . . . . . . . . . Projectile 36 | . . . . . 7 . . . . . . 1 4 7 17 . AOE 252 | . 11 43 . . 12 30 48 22 27 . . . . 8 51 . Terrain Rammed . | . . . . . . . . . . . . . . . . . Walls Destroyed . | . . . . . . . . . . . . . . . . . Machines Disabled . | . . . . . . . . . . . . . . . . . Actions | -11 -10 -10 -10 -9 -8 -8 -8 -8 -7 -7 -7 -7 -6 -6 -5 -5 --------- Run | Yrd Mat Min Exi Min Mat Gar Mat Gar Fac Was Fac Gar Fac Gar Fac Gar Total 12761 | 167 1133 650 582 469 958 992 1297 675 1116 561 231 745 773 1139 1177 96 Wait 1259 | . 117 1 . 127 166 15 128 61 143 10 1 42 90 213 145 . Move 10098 | 130 893 612 578 264 649 798 1020 517 868 508 219 603 610 796 938 95 Hop 4 | . . . . . . . . . . . . . . . 3 1 Pick Up 211 | 7 20 4 1 11 36 32 9 18 14 11 2 7 13 18 8 . Fast Attach 66 | 7 2 1 . 4 5 10 7 2 5 5 1 3 5 1 8 . Attach 66 | . 1 4 . 2 7 14 3 8 6 1 . 2 4 6 8 . Detach 35 | . 2 . . 2 4 6 4 1 2 1 . 3 3 3 4 . Swap 132 | 2 9 4 1 3 10 14 25 11 10 5 4 7 14 7 6 . Drop 94 | . 11 1 2 13 11 6 10 4 6 1 2 9 4 7 7 . Fire 709 | 20 72 23 . 39 66 80 82 42 56 19 2 66 30 64 48 . Melee 40 | . . . . . 1 17 7 11 . . . 3 . . 1 . Ram . | . . . . . . . . . . . . . . . . . Kick 7 | 1 6 . . . . . . . . . . . . . . . Crush 15 | . . . . 4 3 . 2 . 6 . . . . . . . Escape Stasis 25 | . . . . . . . . . . . . . . 24 1 . Rewire . | . . . . . . . . . . . . . . . . . Trap . | . . . . . . . . . . . . . . . . . Miscellaneous . | . . . . . . . . . . . . . . . . . Route ------- -11/Scrapyard -10/Materials (discovered 6 exits: *Mat x3 / [*Min x2] / Sub) -10/Mines (discovered 4 exits: *Mat x2 / *Exi / *Sub) -10/Exiles -9/Mines -8/Materials (discovered 4 exits: *Fac x3 / Gar) -8/Garrison (discovered 3 exits: *Mat x3) -8/Materials (discovered 4 exits: *Fac x3 / Gar) -8/Garrison (discovered 2 exits: *Fac x2) -7/Factory (discovered 2 exits: *Fac / [*Low]) -7/Waste -7/Factory -7/Garrison (discovered 2 exits: *Fac x2) -6/Factory (discovered 2 exits: [*Ext] / Gar) -6/Garrison (discovered 3 exits: *Fac x3) -5/Factory (discovered 4 exits: [*Fac] / [*Upp x2] / Gar) -5/Garrison (discovered 1 exit: [*Fac]) History --------- Turn | Location | Event 4 | -11/Scrapyard | Discovered new exit (range 16) 234 | -11/Scrapyard | Entered Materials 307 | -10/Materials | Build established: Mutant 534 | -10/Materials | Discovered new exit (range 15) 694 | -10/Materials | Discovered new exit (range 3) 972 | -10/Materials | Discovered new exit (range 12) 1099 | -10/Materials | Discovered new exit (range 14) 1115 | -10/Materials | Learned Storage trap positions 1180 | -10/Materials | Learned location of 2 exits from Subcaves 1233 | -10/Materials | Identified exit to Subcaves 1233 | -10/Materials | Identified exit to Materials 1233 | -10/Materials | Learned location of 1 exit from Materials 1274 | -10/Materials | Learned location of Storage (-9) 1303 | -10/Materials | Learned Storage trap positions 1321 | -10/Materials | Learned location of 2 exits from Materials 1350 | -10/Materials | Learned location of Recycling (-9) 2753 | -10/Materials | Repaired Assault Rifle 3127 | -10/Materials | Entered Mines 3312 | -10/Mines | Discovered exit to Materials (range 4) 3850 | -10/Mines | A weapon hastily lodged in a ceiling crevice suddenly fell to the ground 3914 | -10/Mines | Learned location of 1 exit from Materials 3997 | -10/Mines | Discovered exit to Materials (range 10) 4023 | -10/Mines | Learned Materials emergency access door positions 4176 | -10/Mines | Lost 4 parts (2n1u1w) 4366 | -10/Mines | Received a Mining Laser from a helpful Derelict 4523 | -10/Mines | Discovered exit to Subcaves (range 6) 4740 | -10/Mines | Deemed a non-threat by the Exiles lab entrance 4740 | -10/Mines | Discovered new exit (range 5) 4749 | -10/Mines | Entered Exiles 4805 | -10/Exiles | Met 8R-AWN 4843 | -10/Exiles | Met EX-HEX 4937 | -10/Exiles | Met EX-BIN 5052 | -10/Exiles | Met EX-DEC 5066 | -10/Exiles | Learned location of Zion (-6) 5561 | -10/Exiles | Aligned with FarCom system 5563 | -10/Exiles | Given EX-Vault access code 5618 | -10/Exiles | Opened EX-Vault 5638 | -10/Exiles | Found Lightpack 2.0 5687 | -10/Exiles | Warned to stay clear of 0b10 Research branches 6102 | -10/Exiles | Discovered new exit (range 14) 6140 | -10/Exiles | Left Exiles lab with Lightpack 2.0 6140 | -10/Exiles | Entered Mines 6325 | -9/Mines | Learned Materials terminal intel 6392 | -9/Mines | Excavation squad dispatched 6392 | -9/Mines | A large section of the Mines collapsed 6770 | -9/Mines | Discovered new exit (range 8) 6893 | -9/Mines | Joined a pair of Derelicts in attacking an 0b10 outpost 7062 | -9/Mines | Entered Materials 7062 | -8/Materials | Evolved 4 slots: Utility x4 7063 | -8/Materials | Identified exit to Factory 7065 | -8/Materials | Loaded intel: 12 terminal locations 7737 | -8/Materials | Build established: Hauler-Mutant 8130 | -8/Materials | Repaired Shield Generator 8613 | -8/Materials | Identified exit to Garrison 8625 | -8/Materials | Entered Garrison 8681 | -8/Garrison | Installed Relay Interface Framework 8751 | -8/Garrison | Triggered checkpoint 8757 | -8/Garrison | Garrison Relay disabled 8906 | -8/Garrison | Spotted B-75 Beast 8953 | -8/Garrison | Destroyed B-75 Beast 8978 | -8/Garrison | Lost 4 parts (2p2u) 8998 | -8/Garrison | Garrison Relay disabled 9129 | -8/Garrison | Triggered checkpoint 9193 | -8/Garrison | Triggered checkpoint 9224 | -8/Garrison | Triggered checkpoint 9279 | -8/Garrison | Triggered checkpoint 9311 | -8/Garrison | Triggered checkpoint 9327 | -8/Garrison | Garrison Relay disabled 9357 | -8/Garrison | Triggered checkpoint 9560 | -8/Garrison | Discovered new exit (range 13) 9704 | -8/Garrison | Garrison Relay disabled 9722 | -8/Garrison | Garrison Relay disabled 9900 | -8/Garrison | Discovered new exit (range 69) 9900 | -8/Garrison | Discovered new exit (range 79) 9900 | -8/Garrison | Discovered new exit (range 19) 10106 | -8/Garrison | Expanded RIF knowledge: Alert ID Control 10223 | -8/Garrison | Entered Materials 10396 | -8/Materials | Build established: Bothacker-Mutant 10623 | -8/Materials | First assault squad dispatched 10717 | -8/Materials | Core integrity fell below 50% 10759 | -8/Materials | Destroyed 11 combat bots 10790 | -8/Materials | Discovered exit to Factory (range 3) 11170 | -8/Materials | Discovered exit to Factory (range 14) 11513 | -8/Materials | Destroyed 8 combat bots 11749 | -8/Materials | Identified exit to Garrison 12305 | -8/Materials | Entered Garrison 12305 | -8/Garrison | Accompanied by 1 ally 12749 | -8/Garrison | Triggered checkpoint 12751 | -8/Garrison | Triggered checkpoint 12778 | -8/Garrison | Triggered checkpoint 12864 | -8/Garrison | Core integrity fell below 20% 12906 | -8/Garrison | Lost 4 parts (1p2u1w) 13019 | -8/Garrison | Discovered exit to Factory (range 11) 13260 | -8/Garrison | Discovered exit to Factory (range 10) 13348 | -8/Garrison | Expanded RIF knowledge: Command Fork 13372 | -8/Garrison | Entered Factory 13372 | -7/Factory | Accompanied by 2 allies 13372 | -7/Factory | Evolved 2 slots: Propulsion x1, Weapon x1 13685 | -7/Factory | Build established: Bothacker-Skirmisher 14109 | -7/Factory | Discovered new exit (range 4) 14421 | -7/Factory | Discovered new exit (range 7) 14632 | -7/Factory | Lost 3 parts (2n1u) 14874 | -7/Factory | Build established: Bothacker-Tank 14907 | -7/Factory | Garrison activated, responded to threat 15061 | -7/Factory | Sucked down chute 15061 | -7/Factory | Entered Waste 15114 | -7/Waste | Spotted C-40 Crusher 15119 | -7/Waste | Spotted C-40 Crusher 15132 | -7/Waste | Spotted C-40 Crusher 15149 | -7/Waste | Spotted C-40 Crusher 15158 | -7/Waste | Spotted C-40 Crusher 15227 | -7/Waste | Spotted C-40 Crusher 15294 | -7/Waste | Build established: Bothacker-Skirmisher 15327 | -7/Waste | Discovered new exit (range 16) 15596 | -7/Waste | Warlord forces began an assault 15796 | -7/Waste | Allies destroyed C-40 Crusher 15829 | -7/Waste | Allies destroyed C-40 Crusher 15858 | -7/Waste | Lost 12 allies 15922 | -7/Waste | Entered Factory 15922 | -7/Factory | Accompanied by 3 allies 16243 | -7/Factory | Build established: Bothacker-Tank 16277 | -7/Factory | Identified exit to Garrison 16277 | -7/Factory | Entered Garrison 16277 | -7/Garrison | Accompanied by 2 allies 16335 | -7/Garrison | Triggered checkpoint 16344 | -7/Garrison | Triggered checkpoint 16363 | -7/Garrison | Triggered checkpoint 16482 | -7/Garrison | Discovered new exit (range 9) 16570 | -7/Garrison | Expanded RIF knowledge: Command Fork 16789 | -7/Garrison | Triggered checkpoint 16813 | -7/Garrison | Garrison Relay disabled 16977 | -7/Garrison | Triggered checkpoint 17004 | -7/Garrison | Discovered new exit (range 11) 17053 | -7/Garrison | Triggered checkpoint 17090 | -7/Garrison | Expanded RIF knowledge: Command Fork 17494 | -7/Garrison | Entered Factory 17494 | -6/Factory | Evolved 2 slots: Propulsion x1, Utility x1 17775 | -6/Factory | Garrison activated, responded to threat 17848 | -6/Factory | Discovered new exit (range 16) 18671 | -6/Factory | Identified exit to Garrison 18671 | -6/Factory | Entered Garrison 18690 | -6/Garrison | Expanded RIF knowledge: Watcher Feeds 18729 | -6/Garrison | Garrison Relay disabled 19033 | -6/Garrison | Triggered checkpoint 19081 | -6/Garrison | Triggered checkpoint 19083 | -6/Garrison | Triggered checkpoint 19127 | -6/Garrison | Lost 3 allies 19144 | -6/Garrison | Triggered checkpoint 19174 | -6/Garrison | Destroyed 8 combat bots 19177 | -6/Garrison | Lost 4 parts (2n2u) 19260 | -6/Garrison | Spotted B-86 Titan 19274 | -6/Garrison | Spotted B-90 Cyclops 19307 | -6/Garrison | Garrison Relay disabled 19362 | -6/Garrison | Discovered new exit (range 12) 19441 | -6/Garrison | Triggered checkpoint 19630 | -6/Garrison | Build established: Botlord-Tank 19888 | -6/Garrison | Discovered new exit (range 12) 20158 | -6/Garrison | Garrison Relay disabled 20269 | -6/Garrison | Discovered new exit (range 15) 20298 | -6/Garrison | Entered Factory 20298 | -5/Factory | Evolved 2 slots: Utility x2 20418 | -5/Factory | Discovered new exit (range 12) 20853 | -5/Factory | Repaired Imp. Shield Generator? 20909 | -5/Factory | Discovered new exit (range 9) 21056 | -5/Factory | Discovered new exit (range 14) 21523 | -5/Factory | Fabricated M-28 Smith? 21528 | -5/Factory | Found Prototype Launcher 21576 | -5/Factory | Identified Smartbomb Launcher 21642 | -5/Factory | Lost 5 allies 21827 | -5/Factory | Released all parts (10) 21839 | -5/Factory | Core integrity fell below 50% 21858 | -5/Factory | Identified exit to Garrison 21858 | -5/Factory | Entered Garrison 21861 | -5/Garrison | Expanded RIF knowledge: Autooverride 21868 | -5/Garrison | Lost 5 parts (1n2u2w) 21872 | -5/Garrison | Spotted B-75 Beast 21874 | -5/Garrison | Triggered checkpoint 21879 | -5/Garrison | Core integrity fell below 20% 21888 | -5/Garrison | Discovered new exit (range 11) 21893 | -5/Garrison | Destroyed by C-35 Carver with Carbide Saw Last Messages --------------- GOAL=ESCAPE 21858_ Receiving FarCom transmissions... 21858_ Detecting nearby RIF Installer. Initiating installation procedure... 21861_ Expanded RIF knowledge: Autooverride. 21870_ Penetrated by Slug. 21872_ Cld. Nuclear Pulse Thruster destroyed. 21872_ Cld. Nuclear Pulse Thruster burned out. 21874_ Imp. Surge Thruster destroyed. 21874_ Imp. Surge Thruster burned out. 21874_ Garrison Door breached. 21874_ Beams of light sweep through the air. An alarm sounds. 21874_ C-45 Heavy ARC bursts open, deploying its payload. 21874_ G-67 Veteran unfolds itself. 21874_ G-50 Soldier unfolds itself. 21874_ Critical hit (Burn: +50). 21882_ Knocked back. 21882_ C-35 Carver knocked back. 21883_ Knocked back. 21888_ EXIT=FOUND Map ----- +----------------------------------------------------+ | | | | | | | | | ?????????????????????????????????????????????????? | | ?????????????????????????????????????????????????? | | ?????????????????????????????????????????????????? | | ?????????????????????????????????????????????????? | | ?????????????????????????????????????????????????? | | ?????????????????????????????????????????????????? | | ?????????????????????????????????????????????????? | | ?????????????????????????????????????????????????? | | ?????????????????????????????????????????????????? | | ?????????????????????????????????????????????????? | | ?????????????????????????????????????????????????? | | ?????????????????????????????????????????????????? | | ?????????????????????????????????????????????????? | | ?????????????????????????????????????????????????? | | ?????????????????????????????????????????????????? | | ?????????????????????????????????????????????????? | | ?????????????????????????????????????????????????? | | ?????????????????????????????????????????????????? | | ???????????????????????######????????????????????? | | ???????????????????????# #????????????????????? | | ???????????????????????# < #????????????????????? | | ???????????????????????# @ #????????????????????? | | ???????????????????????# c###????????????????????? | | ???????????????????????# #??????????????????????? | | ???????????????????????# #??????????????????????? | | ???????????????????###?#cc#??????????????????????? | | ???????????????????# ?# #??????????????????????? | | ???????????????????# #?#c #??????????????????????? | | ?????????????####??# #?# #??????????????????????? | | ?????????????# #### #?# #??????????????????????? | | ????????????### #T ### s##?????????????????????? | | ????????????# + ?????????????????? | | ????????????# #?????????????????????? | | ????????????# # # #### #?????????????????????? | | ????????????# # ##??? #?????????????????????? | | ????????????# # # #???? #???ss????????????????? | | ????????????# ##### #???? #?????????????????????? | | ????????????# #???# #???? ?????????????????????? | | ????????????# #??? #????##?????????????????????? | | ????????????# #???###???Y???????????????????????? | | ????????????# #?????????????????????????????????? | | ?# ????????# #?????????????????????????????????? | | ?# ##""""## ##????????????????????????????????? | | ?# #????????????????????????????????? | | ?# #????????????????????????????????? | | ?# #????????????????????????????????? | +----------------------------------------------------+ Best States ------------- Heat Dissipation 92 Energy Generation 21 Energy Capacity 800 Matter Stores 300 Matter Capacity 300 Sight Range 16 Terrain Scan Density 10 Jamming Range 12 Armor Coverage 675 Resistance: TH 10 Propulsion Shielding 33 Weapon Shielding 66 Evasion (%) 65 Targeting Accuracy 6 Core Analysis 6 Recoil Reduction 3 Salvage Targeting 1 Offensive Hacking 10 Relay Coupler Types 2 Relay Coupler Value 58 Authchip Count 13 Item Schematics ----------------- None Robot Schematics ------------------ M-28 Smith | -7/Factory | Hacked Fabricated ------------ M-28 Smith | x1 | -5/Factory Repaired ---------- Assault Rifle | 30% | -10/Materials Shield Generator | 16% | -8/Materials Imp. Shield Generator | 27% | -5/Factory Studied --------- Flak Cannon | -8/Materials | Hacked Gauss Rifle | -7/Factory | Hacked Alien Tech Used ----------------- None Achievements -------------- Hackerman I Know It's In Here Somewhere Oppo Buddy Versatile Challenges ------------ None Game ------ Seed ScanDecoderBrace Manual? 0 Play Time 02:34:50 Cumulative 14.9 hours Start 2026.02.27 @ 22:49:51 End 2026.03.12 @ 11:40:37 Sessions 8 Manual Loads 0 Difficulty Rogue Special Mode None Game No. 15 Rogue 15 Adventurer 0 Explorer 0 Win Type - Total 0 Types 0/0/0/0/0/0/0/0/0/0 Lore% 20 Gallery% 27 Achievement% 57 Wizard Run 0 Options --------- Layout 0 ASCII 1 Keyboard 1 Movement Vi Keybinds 0 Fullscreen 2 Font 18/TerminusBold Map View 76x50 Zoom Use 0% Tactical HUD 1 Map Filters NONE Filters NONE Steam 1 RUN: 117879d6-0bdf-4c0c-99e8-a74f35b32839